Map: Lerilak Crest

Players

capac - Winner!

  • Race: Terran Terran
  • League: Gold

A.I. 1 (Elite)

  • Race: Protoss Protoss

VOD

Have the link to the VOD?

Description

Time

  • Played on: March 15, 2016, 1:27 p.m.
  • Length: 9:34
Show
View Real Time Build Order
Export as new Build Order

capac Terran - Winner!

Build Orders: MMM Bio 

Get SALT Encoding   

  12  0:00  SCV  
  13  0:13  SCV  
  14  0:17  Supply Depot  
  14  0:25  SCV  
  15  0:39  SCV  
  15  0:41  Barracks  
  16  0:45  Refinery  
  16  0:51  SCV  
  17  1:03  SCV  
  18  1:15  SCV  
  19  1:27  SCV  
  19  1:31  Reaper  
  21  1:35  Command Center  
  21  1:44  Orbital Command  
  21  1:58  Supply Depot  
  21  2:04  Barracks Reactor  
  21  2:11  SCV  
  22  2:21  Barracks  
  22  2:28  SCV  
  23  2:36  Factory  
  23  2:41  SCV  
  23  2:42  Refinery, Marine x2  
  26  2:49  Orbital Command  
  26  3:02  Marine  
  26  3:03  SCV  
  28  3:15  SCV  
  28  3:16  Barracks Tech Lab  
  29  3:32  Marine x2  
  31  3:39  Marine  
  32  3:43  Stimpack  
  32  3:45  Factory Tech Lab  
  32  3:46  Starport  
  32  3:47  SCV x2  
  32  3:48  Engineering Bay  
  34  3:49  Marine  
  34  3:52  Marine  
  36  3:57  Marine  
  37  4:03  Siege Tank  
  37  4:07  Marine  
  41  4:10  Marine, SCV x2  
  41  4:15  Supply Depot  
  44  4:18  Terran Infantry Weapons Level 1  
  44  4:24  SCV x2  
  46  4:33  Starport Reactor  
  46  4:36  Marine x3  
  49  4:43  SCV x2  
  51  4:46  Refinery x2  
  51  4:49  Siege Tank  
  54  4:54  Supply Depot  
  54  4:55  Supply Depot  
  54  5:05  Engineering Bay  
  54  5:15  Marine x3, SCV x2  
  54  5:19  Medivac  
  54  5:20  Medivac  
  63  5:27  SCV x2  
  65  5:31  Siege Tank  
  65  5:33  Marine x2  
  70  5:38  Supply Depot  
  70  5:41  Supply Depot  
  70  5:59  Marine x2, SCV x2, Medivac x2  
  70  6:01  Supply Depot  
  70  6:02  Marine  
  70  6:04  Supply Depot  
  79  6:05  Barracks  
  79  6:06  Barracks  
  79  6:12  SCV  
  79  6:16  Terran Infantry Armor Level 1  
  80  6:19  Armory, SCV  
  80  6:24  SCV  
  82  6:27  Marine x3  
  82  6:31  SCV  
  86  6:36  SCV  
  83  6:52  Marine x2  
  74  7:07  Marine  
  67  7:10  Marine x2  
  67  7:11  Barracks Reactor  
  67  7:12  Barracks Reactor, Combat Shields  
  67  7:14  Terran Infantry Weapons Level 2  
  69  7:15  Supply Depot  
  69  7:18  Siege Tank, Medivac x2  
  69  7:22  Barracks  
  76  7:31  Marine x3  
  79  7:39  Supply Depot  
  79  7:40  SCV x2  
  81  7:45  Liberator x2  
  81  7:57  Marine x2  
  81  7:58  Marine x4  
  85  7:59  Marine  
  85  8:00  Siege Tank  
  96  8:38  Marine x3  
  96  8:39  Marine x2  
  101  8:48  Marine x2  
  103  8:56  Marine x3  
Show
View Real Time Build Order
Export as new Build Order

A.I. 1 (Elite) Protoss 

Build Orders: Zealot Archon 

Get SALT Encoding   

  12  0:01  Probe (Chrono Boost)  
  13  0:11  Probe (Chrono Boost)  
  14  0:20  Pylon  
  14  0:22  Probe (Chrono Boost)  
  15  0:38  Probe (Chrono Boost)  
  16  0:48  Assimilator  
  16  0:49  Probe (Chrono Boost)  
  17  0:50  Gateway  
  17  0:59  Probe (Chrono Boost)  
  17  1:00  Pylon  
  18  1:10  Probe (Chrono Boost)  
  19  1:21  Probe (Chrono Boost)  
  20  1:31  Probe (Chrono Boost)  
  21  1:37  Zealot  
  23  1:40  Cybernetics Core  
  23  1:43  Probe (Chrono Boost)  
  25  1:54  Probe (Chrono Boost)  
  25  2:01  Nexus  
  25  2:13  Gateway  
  25  2:21  Pylon  
  25  2:22  Zealot  
  25  2:23  Warp Gate  
  25  2:28  Probe (Chrono Boost)  
  28  2:39  Probe (Chrono Boost), Assimilator  
  29  2:48  Adept  
  32  2:51  Probe (Chrono Boost)  
  32  2:59  Adept  
  32  3:03  Probe (Chrono Boost), Pylon  
  35  3:13  Adept  
  35  3:15  Probe (Chrono Boost)  
  38  3:25  Sentry  
  40  3:28  Probe (Chrono Boost)  
  40  3:31  Probe (Chrono Boost)  
  42  3:39  Stalker  
  42  3:40  Probe (Chrono Boost)  
  44  3:42  Probe (Chrono Boost)  
  45  3:52  Probe (Chrono Boost)  
  46  3:55  Robotics Facility  
  46  3:57  Probe (Chrono Boost)  
  46  4:02  Adept  
  48  4:03  Probe (Chrono Boost)  
  48  4:08  Probe (Chrono Boost)  
  51  4:10  Adept  
  51  4:15  Probe (Chrono Boost)  
  54  4:20  Probe (Chrono Boost)  
  54  4:22  Pylon  
  55  4:26  Probe (Chrono Boost)  
  57  4:31  Probe (Chrono Boost)  
  57  4:37  Probe (Chrono Boost)  
  58  4:40  Stalker  
  58  4:43  Probe (Chrono Boost), Immortal  
  60  4:48  Probe (Chrono Boost)  
  60  4:49  Pylon  
  65  4:53  Stalker  
  65  4:54  Probe (Chrono Boost)  
  69  5:00  Probe (Chrono Boost)  
  69  5:05  Probe (Chrono Boost)  
  70  5:07  Robotics Facility  
  70  5:08  Stalker  
  72  5:18  Probe (Chrono Boost), Immortal  
  72  5:20  Probe (Chrono Boost)  
  74  5:24  Pylon  
  78  5:29  Twilight Council  
  78  5:36  Assimilator  
  78  5:41  Assimilator  
  79  5:43  Probe (Chrono Boost)  
  79  5:45  Probe (Chrono Boost)  
  79  5:48  Pylon  
  80  5:53  Gateway  
  80  5:59  Probe (Chrono Boost)  
  80  6:00  Probe (Chrono Boost)  
  82  6:10  Probe (Chrono Boost)  
  82  6:11  Probe (Chrono Boost), Pylon  
  84  6:13  Templar Archives  
  84  6:20  Probe (Chrono Boost)  
  84  6:21  Forge  
  85  6:26  Forge  
  85  6:29  Nexus  
  85  6:30  Stalker  
  87  6:33  Pylon  
  87  6:35  Stalker  
  83  6:47  Zealot  
  83  6:50  Zealot  
  79  6:55  High Templar  
  79  6:56  Protoss Ground Weapons Level 1  
  79  6:57  Protoss Ground Armor Level 1  
  75  7:05  High Templar  
  67  7:08  Zealot  
  67  7:10  Pylon  
  67  7:14  Pylon  
  67  7:15  Observer  
  66  7:25  Zealot  
  66  7:28  Sentry  
  64  7:31  Warp Prism  
  64  7:32  Archon  
  64  7:33  Gateway  
  64  7:35  Photon Cannon, Adept  
  68  7:43  Probe x2 (Chrono Boost)  
  71  7:44  Probe (Chrono Boost)  
  71  7:45  Zealot  
  71  7:49  Stalker  
  75  7:52  Assimilator  
  75  7:54  High Templar  
  75  7:55  Probe x2 (Chrono Boost)  
  75  7:56  Probe (Chrono Boost)  
  75  7:59  Assimilator  
  75  8:05  Zealot  
  75  8:07  Probe x2 (Chrono Boost)  
  75  8:08  Probe (Chrono Boost), Observer  
  75  8:11  Zealot  
  71  8:19  Probe x2 (Chrono Boost)  
  68  8:20  Probe (Chrono Boost)  
  68  8:24  Stalker, Zealot  
  68  8:27  Zealot  
  57  8:30  Probe (Chrono Boost), Zealot  
  57  8:31  Probe (Chrono Boost)  
  57  8:32  Probe (Chrono Boost)  
  39  8:42  Probe x2 (Chrono Boost), Zealot  
  39  8:46  Stalker  
  39  8:47  Adept  
  37  8:50  Sentry  
  37  9:00  Sentry  
  39  9:05  Stalker  
  41  9:10  High Templar  
  39  9:21  High Templar  
  28  9:26  Adept  
Tags
 
Add a new tag
Caveats
  • Supply blocks, unpowered buildings, or Contaminate may cause inaccurate times.
  • Supply counts are checked every 10 seconds.